 Dungeon Crawl Stone Soup version 0.26-a0-201-gb271ac0 (webtiles) character file.

Game seed: 1519704904152402061

2 Crabhammer the Chiller (level 1, 10/15 HPs)
             Began as a Naga Ice Elementalist on May 1, 2020.
             Quit the game on level 1 of the Dungeon on July 5, 2020.
             The game lasted 00:02:14 (142 turns).

Crabhammer the Chiller (Naga Ice Elementalist)       Turns: 142, Time: 00:02:14

Health: 10/15      AC:  1    Str: 10    XL:     1   Next: 40%
Magic:  3/3        EV: 10    Int: 15    God:
Gold:   46         SH:  0    Dex: 11    Spells: 3/4 levels left

rFire    . . .     SeeInvis +   (no weapon)
rCold    . . .     Faith    .   (no shield)
rNeg     . . .     Spirit   .   a - +0 robe
rPois    +         Reflect  .   (no helmet)
rElec    .         Harm     .   (no cloak)
rCorr    .                      (no gloves)
MR       .....                  (no barding)
Stlth    ++........             (no amulet)
HPRegen  0.05/turn              (no ring)
MPRegen  0.08/turn              (no ring)

@: very slow
A: large, see invisible, deformed body, poison resistance, slowness 2, slow
metabolism 1, spit poison 1, AC +0
a: Spit Poison


You were on level 1 of the Dungeon.
You were not hungry.

You visited 1 branch of the dungeon, and saw 1 of its levels.

You collected 46 gold pieces.

Inventory:

Armour
 a - a +0 robe (worn)
Scrolls
 d - a scroll of identify {unknown}
Potions
 b - a potion of curing {unknown}
 e - a potion of brilliance {unknown}
 g - a potion of resistance {unknown}
Comestibles
 c - 2 rations
 f - 3 chunks of flesh


   Skills:
 * Level 0.2 Fighting
 - Level 1.5 Dodging
 - Level 3.0 Stealth
 + Level 2.0 Spellcasting
 + Level 4.1 Ice Magic


You had 3 spell levels left.
You knew the following spells:

 Your Spells              Type           Power        Failure   Level  Hunger
a - Freeze                Ice            ##..         4%          1    #......

Your spell library contained the following spells:

 Spells                   Type           Power        Failure   Level  Hunger
 Frozen Ramparts          Ice            ##....       12%         3    ###....
 Ozocubu's Armour         Chrm/Ice       #.......     28%         3    ###....
 Hailstorm                Conj/Ice       #.......     67%         4    #####..
 Summon Ice Beast         Ice/Summ       #.......     67%         4    #####..


Dungeon Overview and Level Annotations

Branches:
Dungeon (1/15)

Altars:


Innate Abilities, Weirdness & Mutations

You cannot wear boots.
Your serpentine skin is tough. (AC +0)
You have supernaturally acute eyesight. (SInv)
Armour fits poorly on your strangely shaped body.
Your system is resistant to poisons. (rPois)
You cover ground very slowly.
You have a slow metabolism.
You can spit poison.


Message History

You miss the bat.
You have got your breath back.
The bat barely misses you. The bat hits you.
Press: ? - help, Shift-Dir - straight line, f/p - bat
Aim: a bat The splash of poison hits the bat!
The bat is poisoned.
You kill the bat!
You feel slightly more hungry.
You see here a bat corpse.
You butcher the bat corpse.
f - 3 chunks of flesh (gained 1)
You see here a bat skeleton.
You have got your breath back.
Okay, then.
Welcome back, Crabhammer the Naga Ice Elementalist.
Press ? for a list of commands and other information.
Quiver which item? (- for none, * to show all) (? for menu, Esc to quit)
Okay, then.
Are you sure you want to abandon this character and quit the game? (Confirm with "yes".)

#.....#.#..
##.#.##.#..
#.#....#..
#.#.####..
########.####....
........รท........
########.#.##.###
##########.#.......
#.@........#.......
#.##########.......
#. #.###### .. #.#
# ##. #.# # .. ...
. ## ### #


There were no monsters in sight!

Vanquished Creatures
  A bat (D:1)
  A kobold (D:1)
  2 rats (D:1)
4 creatures vanquished.

Notes
Turn   | Place    | Note
-------+----------+-------------------------------------------
     0 | D:1      | Crabhammer the Naga Ice Elementalist began the quest for
                  | the Orb.
     0 | D:1      | Reached XP level 1. HP: 15/15 MP: 3/3
   142 | D:1      | Upgraded the game from 0.25-a0-869-g05d4e06 to
                  | 0.26-a0-201-gb271ac0
   142 | D:1      | Quit the game

Illustrated notes

Levels and vault maps discovered:
D:1:      minmay_arrival_jagged, layout_basic, minmay_misc_feat_five,
          minmay_tetromino_o4

Action                   || total
-------------------------++-------
Melee: Unarmed           ||     4
 Abil: Spit Poison       ||     5
Armor: Robe              ||     2
Dodge: Dodged            ||     5

Table legend:
 A = Non-vault XP
 B = Vault XP
 C = Vault XP percentage of total XP
 D = Non-vault monster count
 E = Vault monster count
 F = Vault count percentage of total count
                 A         B        C        D         E       F
            +---------+---------+-------+---------+---------+-------
      Total |       4 |       0 |   0.0 |       4 |       0 |   0.0
            +---------+---------+-------+---------+---------+-------
        D:1 |       4 |       0 |   0.0 |       4 |       0 |   0.0
            +---------+---------+-------+---------+---------+-------
